 Dungeon Crawl Stone Soup version 0.32-a0-473-gd044c6f0f0 (webtiles) character file.

Game seed: 12355467260271865475

40 runemasterragnar the Slasher (level 3, -2/29 HPs)
             Began as a Coglin Berserker on Feb 26, 2024.
             Was a Follower of Trog.
             Slain by a hobgoblin (5 damage)
             ... led by Robin
             ... on level 3 of the Dungeon.
             The game lasted 00:01:11 (1880 turns).

runemasterragnar the Slasher (Coglin Berserker)     Turns: 1880, Time: 00:01:11

Health: -2/29      AC:  2    Str: 19    XL:     3   Next: 50%
Magic:  3/3        EV: 12    Int:  6    God:    Trog [*.....]
Gold:   102        SH:  0    Dex: 13    Spells: 2/2 levels left

rFire   . . .        a - +0 falchion {Renate}
rCold   . . .        (no shield)
rNeg    . . .        b - +0 animal skin
rPois   .            (no helmet)
rElec   .            (no cloak)
rCorr   .            (no gloves)
SInv    .            (no boots)
Will    .....        (no amulet)
Stlth   +            (ring unavailable)
HPRegen 0.24/turn    (ring unavailable)
MPRegen 0.08/turn

%: no passive effects
@: confused, revving
A: off-hand wielding, slow wielding, warmup strikes, no rings
a: Renounce Religion, Berserk


You were on level 3 of the Dungeon.
You worshipped Trog.
Trog was aware of your devotion.
You visited 1 branch of the dungeon, and saw 3 of its levels.

You collected 102 gold pieces.

Inventory:

Hand Weapons
 a - a +0 falchion (weapon) {Renate}
Armour
 b - a +0 animal skin (worn)
Scrolls
 c - 3 scrolls of teleportation {unknown}
 d - 4 scrolls of identify {unknown}
 e - a scroll of enchant armour {unknown}
Potions
 f - a potion of enlightenment {unknown}
 g - a potion of lignification {unknown}
 h - 2 potions of curing {unknown}


   Skills:
 + Level 3.5 Fighting
 * Level 4.0 Long Blades
 - Level 1.7 Armour
 - Level 1.7 Dodging


You had 2 spell levels left.
You didn't know any spells.
Your spell library was empty.

Dungeon Overview and Level Annotations

Branches:
Dungeon (3/15)

Altars:

Annotations:
D:3 Robin


Innate Abilities, Weirdness & Mutations

You can wield a second weapon in your off-hand.
It takes a long time for you to wield or remove held weapons.
Your first few attacks do less damage.
Your grasper-arms cannot wear rings.


Message History

A hobgoblin comes into view.
The orc shouts!
You hit the rat.
You kill the rat!
Trog accepts your kill.
You hear a shout! x2
The goblin hits you with a +0 club.
A goblin comes into view. It is wielding a +0 club.
A hobgoblin comes into view.
Robin throws the goblin at you!
A goblin comes into view. It is wielding a +0 dagger of venom.
You slash the goblin!
You kill the goblin!
Trog accepts your kill.
A goblin comes into view. It is wielding a +0 dagger.
The goblin barely misses you.
An orc wizard comes into view. It is wielding a +0 dagger.
The goblin misses you.
Robin roars a battlecry!
The goblins go into a battle-frenzy!
The goblin hits you with a +0 club.
Unknown command.
An orc wizard comes into view. It is wielding a +1 dagger of venom.
The goblin attacks as it pursues you! The goblin barely misses you.
The orc wizard casts a spell at you.
You are confused.
The orc wizard hits you with a +0 dagger.
There is a stone staircase leading up here.
The goblin hits you with a +0 club. The orc wizard casts a spell at you.
The magic dart hits you. The goblin hits you with a +0 club.
In your confused state, you trip and fall back down the stairs.
* * * LOW HITPOINT WARNING * * *
The goblin closely misses you.
The orc wizard hits you with a +1 dagger of venom.
* * * LOW HITPOINT WARNING * * *
The orc wizard hits you with a +0 dagger.
* * * LOW HITPOINT WARNING * * *
The hobgoblin hits you.
You die...

########
#....?.#
#......#
####......#
..........##
...........
........oo#
.......g@#
..#...gg#
#....g#
###g###
#g......#
gg.....##
.g........
#..gg......
#..........


You could see 2 orc wizards, 5 hobgoblins and 4 goblins.

Vanquished Creatures
  An adder (D:2)
  A dart slug (D:1)
  A ribbon worm (D:2)
  3 endoplasms
  2 giant cockroaches (D:2)
  A hobgoblin (D:2)
  2 kobolds
  6 ball pythons
  A bat (D:2)
  2 frilled lizards
  4 goblins
  A rat (D:3)
25 creatures vanquished.

Notes
Turn   | Place    | Note
-------+----------+-------------------------------------------
     0 | D:1      | runemasterragnar the Coglin Berserker began the quest for
                  | the Orb.
     0 | D:1      | Reached XP level 1. HP: 18/18 MP: 1/1
   298 | D:1      | Reached XP level 2. HP: 13/24 MP: 2/2
  1379 | D:2      | Found a faded altar of an unknown god.
  1391 | D:2      | Reached XP level 3. HP: 17/29 MP: 3/3
  1493 | D:2      | Reached skill level 4 in Long Blades
  1872 | D:3      | Noticed Robin
  1880 | D:3      | Slain by a hobgoblin

Illustrated notes

Levels and vault maps discovered:
D:1:      saegor_arrival_under_anarchy, layout_loops_ring, serial_glass,
          glass_columns_a, glass_columns_b, due_unseen_surprise
D:2:      layout_loops_corners, nicolae_ecumenical_snake_handling
D:3:      layout_basic, nzn_wu_jian_contemplation, uniq_robin

Skill      XL: |  1  2  3 |
---------------+----------+-----
Long Blades    | 4 |  4.0
Fighting       | |  3.5
Armour         | |  1.7
Dodging        | |  1.7

Action                     || total
---------------------------++-------
  Melee: Falchion          ||   100
   Stab: Sleeping          ||     1
 Armour: Animal skin       ||    72
  Dodge: Dodged            ||    66

Table legend: (Time is in decaauts)
 A = Elapsed time spent in this place.
 B = Non-inter-level travel time spent in this place.
 C = Inter-level travel time spent in this place.
 D = Time resting spent in this place.
 E = Time spent auto-exploring this place.
 F = Levels seen in this place.
 G = Mean time per level.
                   A        B        C        D        E       F      G
               +--------+--------+--------+--------+--------+-----+--------+
         Total |   1892 |   1813 |     79 |      0 |   1583 |   3 |  630.7 |
       Dungeon |   1892 |   1813 |     79 |      0 |   1583 |   3 |  630.7 |
               +--------+--------+--------+--------+--------+-----+--------+

Top non-repeatable levels by time:
     D:2: 1110 daAuts
     D:1: 771 daAuts
     D:3: 11 daAuts
